 Dungeon Crawl Stone Soup version 0.23-a0-301-g9da9e51 (webtiles) character file.

223 DrChives the Covered (level 5, -4/48 HPs)
             Began as a Minotaur Fighter on Oct 8, 2018.
             Slain by a gnoll
             ... wielding a +0 halberd
              (7 damage)
             ... on level 3 of the Dungeon.
             The game lasted 00:11:13 (2217 turns).

DrChives the Covered (Minotaur Fighter)             Turns: 2217, Time: 00:11:14

Health: -4/48      AC:  8    Str: 22    XL:     5   Next: 66%
Magic:  4/4        EV:  8    Int:  5    God:
Gold:   227        SH: 10    Dex:  9    Spells: 4/4 levels left

rFire    . . .     SeeInvis .   a - +0 trident
rCold    . . .     Gourm    .   c - +1 shield
rNeg     . . .     Faith    .   b - +0 scale mail
rPois    .         Spirit   .   (helmet restricted)
rElec    .         Reflect  .   (no cloak)
rCorr    .         Harm     .   (no gloves)
MR       +....                  (no boots)
Stlth    ..........             (no amulet)
HPRegen  0.16/turn              (no ring)
MPRegen  0.09/turn              (no ring)

@: no status effects
A: retaliatory headbutt, horns 2, rugged brown scales 1, magic resistance 1,
wild magic 1, MP-powered wands
a: no special abilities


You were on level 3 of the Dungeon.
You were not hungry.

You visited 1 branch of the dungeon, and saw 3 of its levels.

You collected 227 gold pieces.

Inventory:

Hand Weapons
 a - a +0 trident (weapon)
 g - a +3 hand axe
Armour
 b - a +0 scale mail (worn)
 c - a +1 shield (worn)
Jewellery
 i - an uncursed ring of wizardry {unknown}
Scrolls
 h - a scroll of identify
 j - a scroll of immolation
 l - a scroll of teleportation
Potions
 d - a potion of might
Comestibles
 f - 8 rations


   Skills:
 + Level 4.8 Fighting
 + Level 4.0 Polearms
 + Level 5.0 Armour
 + Level 1.5 Dodging
 + Level 4.6 Shields


You had 4 spell levels left.
You didn't know any spells.
Your spell library was empty.

Dungeon Overview and Level Annotations

Branches:
Dungeon (3/15)

Altars:
Dithmenos
Kikubaaqudgha
Trog
Xom

Annotations:
D:3 Ijyb


Innate Abilities, Weirdness & Mutations

You reflexively headbutt those who attack you in melee.
You have a pair of horns on your head.
You are partially covered in rugged brown scales. (AC +1, +3% HP)
You are resistant to hostile enchantments. (MR+)
Your spells are a little harder to cast, but a little more powerful.
You expend magic power (3 MP) to strengthen your wands.


Message History

Ijyb is severely wounded.
The goblin hits you but does no damage. The gnoll closely misses you.
You block Ijyb's attack. The goblin hits you.
* * * LOW HITPOINT WARNING * * *
You block Ijyb's attack.
You hit Ijyb but do no damage.
Ijyb is severely wounded.
The gnoll hits you from afar with a halberd!
* * * LOW HITPOINT WARNING * * *
You block the goblin's attack. Ijyb hits you but does no damage.
You closely miss Ijyb. Your headbutt misses Ijyb.
Ijyb is severely wounded.
The gnoll closely misses you. The goblin barely misses you.
You furiously retaliate!
You headbutt the goblin.
You kill the goblin!
Ijyb hits you but does no damage.
You hit Ijyb but do no damage.
Ijyb is severely wounded.
The gnoll hits you from afar with a halberd!
You die...

**************,,,,,,,,,*,*,#.#,*
*,*,,,,,,.*,*,,,...#,**,*,*,*,*
*,*,,,,,*,.,,,,....#,,,,*,*,*,**
*,*,,,,,**#.*,,...).,,,,,,*,*,,,
#.#,,,,** #.####...,>,,,,,,,****
#.#*,,,* *......#******########
#.#*,,,* **#..g.# *,,........
#.###########..g?#####.########.
#.#............@................
##.#.######.......#####.###......
...#...........>#.# #......<...
††............#.#)### #####......
####..........#..)..# #......
#....####...#.÷)..# #......
#....# #.#.#..().#######......
###....# #.#....................
.......# #.####....#######.#####


You could see Ijyb and a gnoll.

Vanquished Creatures
  A bullfrog (D:3)
  6 gnolls (D:3)
  3 adders
  3 worms
  3 dart slugs (D:1)
  A leopard gecko (D:1)
  2 orcs (D:3)
  A ball python (D:3)
  A giant cockroach (D:2)
  7 goblins
  4 hobgoblins
  6 jackals
  6 bats
  7 frilled lizards
  7 kobolds
  5 rats
63 creatures vanquished.

Notes
Turn   | Place    | Note
-------+----------+-------------------------------------------
     0 | D:1      | DrChives the Minotaur Fighter began the quest for the Orb.
     0 | D:1      | Reached XP level 1. HP: 19/19 MP: 0/0
   114 | D:1      | Reached XP level 2. HP: 26/27 MP: 1/1
   689 | D:2      | Reached skill level 4 in Armour
   749 | D:2      | Found a bloodstained altar of Trog.
   756 | D:2      | Reached XP level 3. HP: 33/34 MP: 2/2
  1291 | D:2      | Found a shimmering altar of Xom.
  1293 | D:2      | Found an opulent altar of Gozag.
  1293 | D:2      | Found an ancient bone altar of Kikubaaqudgha.
  1298 | D:2      | Found a basalt altar of Yredelemnul.
  1298 | D:2      | Found an ancient bone altar of Kikubaaqudgha.
  1298 | D:2      | Found a hazy altar of Hepliaklqana.
  1422 | D:2      | Reached XP level 4. HP: 27/41 MP: 3/3
  1585 | D:3      | Noticed a bullfrog
  1591 | D:3      | Killed a bullfrog
  1591 | D:3      | Reached skill level 1 in Dodging
  1591 | D:3      | Reached XP level 5. HP: 32/47 MP: 4/4
  1729 | D:3      | Reached skill level 5 in Armour
  1730 | D:3      | Gained mutation: You have large cloven feet. [potion of
                  | mutation]
  1730 | D:3      | Gained mutation: Your muscles are strong. (Str +2) [potion
                  | of mutation]
  1730 | D:3      | Gained mutation: You are clumsy. (Dex -2) [potion of
                  | mutation]
  1730 | D:3      | Gained mutation: You can translocate small distances at
                  | will. [potion of mutation]
  1732 | D:3      | Lost mutation: You have large cloven feet. [potion of
                  | mutation]
  1732 | D:3      | Lost mutation: You are clumsy. (Dex -2) [potion of
                  | mutation]
  1732 | D:3      | Lost mutation: You can translocate small distances at will.
                  | [potion of mutation]
  1732 | D:3      | Gained mutation: Your spells are a little harder to cast,
                  | but a little more powerful. [potion of mutation]
  1732 | D:3      | Gained mutation: You expend magic power (3 MP) to
                  | strengthen your wands. [potion of mutation]
  1733 | D:3      | Lost mutation: Your muscles are strong. (Str +2) [potion of
                  | mutation]
  1733 | D:3      | Gained mutation: You are resistant to hostile enchantments.
                  | (MR+) [potion of mutation]
  1733 | D:3      | Gained mutation: You are partially covered in rugged brown
                  | scales. (AC +1, +3% HP) [potion of mutation]
  1967 | D:3      | Found a shadowy altar of Dithmenos.
  2081 | D:3      | Noticed Ijyb
  2217 | D:3      | Slain by a gnoll

Vault maps used:
D:1:      dpeg_arrival_erosion
D:2:      nicolae_overflow_crystal_walls, doesnt_xom_only_xom
D:3:      lemuel_zombie_altar_yredelemnul, lemuel_round_altar,
          kennysheep_generic_room_8, uniq_ijyb

Skill      XL: |  1  2  3  4  5 |
---------------+----------------+-----
Fighting       | 4 |  4.8
Shields        | 4 |  4.6
Armour         | 4 5 |  5.0
Polearms       | 3 4 |  4.0
Dodging        | 1 |  1.5

Action                   |  1- 3 |  4- 6 || total
-------------------------+-------+-------++-------
Melee: Trident           |   100 |    75 ||   175
       Headbutt          |    18 |    12 ||    30
  Use: Scroll            |     4 |     3 ||     7
       Potion            |     2 |     4 ||     6
  Eat: Ration            |       |     2 ||     2
Armor: Scale mail        |    46 |    49 ||    95
Dodge: Dodged            |    47 |    49 ||    96
Block: Shield            |    70 |    80 ||   150

Table legend:
 A = Non-vault XP
 B = Vault XP
 C = Vault XP percentage of total XP
 D = Non-vault monster count
 E = Vault monster count
 F = Vault count percentage of total count
                 A         B        C        D         E       F
            +---------+---------+-------+---------+---------+-------
      Total |     319 |       0 |   0.0 |      63 |       0 |   0.0
            +---------+---------+-------+---------+---------+-------
        D:1 |      30 |       0 |   0.0 |      14 |       0 |   0.0
        D:2 |      69 |       0 |   0.0 |      24 |       0 |   0.0
        D:3 |     220 |       0 |   0.0 |      25 |       0 |   0.0
            +---------+---------+-------+---------+---------+-------
